Map: Prion Terraces

Players

Mariuslol - Winner!

  • Race: Zerg Zerg
  • League: Diamond

MorN

  • Race: Terran Terran
  • League: Master

VOD

Have the link to the VOD?

Description

Time

  • Played on: Nov. 20, 2015, 6:53 p.m.
  • Length: 17:58
Show
View Real Time Build Order
Export as new Build Order

Mariuslol Zerg - Winner!

Build Orders: Hatch First 

Get SALT Encoding   

  12  0:00  Drone  
  13  0:13  Overlord  
  13  0:19  Drone  
  14  0:32  Drone x2  
  16  0:36  Drone  
  17  0:54  Hatchery  
  17  0:57  Drone  
  17  1:02  Drone  
  18  1:09  Extractor  
  18  1:10  Drone  
  18  1:18  Spawning Pool  
  18  1:23  Drone  
  18  1:29  Drone  
  19  1:41  Overlord  
  19  2:06  Zergling x4  
  19  2:07  Queen, Zergling x2  
  19  2:08  Queen  
  26  2:14  Metabolic Boost  
  26  2:23  Drone x3  
  29  2:32  Drone  
  30  2:38  Overlord  
  30  2:39  Drone  
  31  2:48  Queen x2  
  35  2:58  Drone x3  
  37  3:10  Drone  
  38  3:14  Drone x2  
  40  3:24  Drone  
  40  3:25  Drone  
  40  3:26  Hatchery  
  41  3:29  Drone x2  
  41  3:30  Drone  
  44  3:38  Overlord  
  44  3:40  Extractor  
  44  3:41  Drone, Extractor  
  44  3:42  Drone  
  44  3:55  Overlord  
  44  3:58  Drone x2  
  44  3:59  Drone x3  
  44  4:00  Drone x3  
  52  4:11  Overlord  
  52  4:15  Overlord  
  52  4:16  Drone  
  53  4:18  Lair  
  53  4:29  Overlord  
  53  4:33  Evolution Chamber, Roach Warren  
  53  4:34  Drone x2  
  53  4:35  Drone x2  
  55  4:40  Spore Crawler  
  55  4:43  Spore Crawler, Zergling x4  
  55  4:54  Overlord  
  55  5:09  Overlord  
  55  5:10  Zerg Missile Weapons Level 1  
  55  5:16  Glial Reconstitution  
  55  5:20  Drone x2, Roach x5  
  55  5:21  Drone  
  68  5:29  Extractor  
  68  5:32  Evolution Chamber, Drone x2  
  68  5:34  Drone x5  
  68  5:35  Drone  
  72  5:47  Drone  
  72  5:48  Drone x5  
  78  5:52  Drone x2  
  78  5:53  Spore Crawler  
  77  6:00  Overlord  
  77  6:03  Drone  
  77  6:04  Hatchery, Drone  
  76  6:12  Overlord  
  76  6:15  Zerg Ground Armor Level 1  
  72  6:18  Spore Crawler  
  72  6:20  Drone  
  72  6:21  Drone x2, Extractor  
  72  6:22  Extractor  
  71  6:27  Drone x2  
  71  6:29  Spine Crawler  
  72  6:33  Roach x4  
  72  6:36  Overlord  
  72  6:37  Pneumatized Carapace  
  80  6:45  Ravager x3  
  80  6:46  Overlord, Ravager  
  84  6:50  Drone x4, Overlord  
  88  7:07  Roach  
  88  7:08  Roach x4  
  98  7:11  Roach x3  
  104  7:16  Hatchery, Overlord, Spine Crawler  
  104  7:17  Roach  
  104  7:25  Zerg Missile Weapons Level 2, Infestation Pit  
  103  7:31  Roach x3  
  103  7:32  Roach x2  
  103  7:34  Overlord  
  113  7:42  Roach x4  
  121  7:46  Overseer  
  121  7:47  Roach x3  
  127  7:53  Drone  
  127  7:56  Roach  
  127  7:57  Roach x2  
  134  8:03  Roach x4  
  142  8:06  Roach x3  
  142  8:09  Overlord  
  148  8:15  Spine Crawler  
  148  8:16  Roach  
  148  8:17  Roach  
  146  8:28  Roach x2  
  143  8:47  Roach x2  
  143  8:48  Roach x3  
  149  8:50  Roach  
  149  8:51  Roach  
  147  9:01  Overlord x3  
  144  9:10  Overlord  
  144  9:18  Hive, Zerg Ground Armor Level 2  
  144  9:22  Hatchery, Spire  
  142  9:27  Spine Crawler  
  142  9:28  Spine Crawler  
  138  9:33  Roach x10  
  156  9:41  Hatchery  
  155  9:48  Overlord  
  155  9:49  Roach x3  
  155  9:50  Roach x3  
  155  9:51  Overseer  
  167  9:55  Ravager  
  167  9:56  Ravager x7  
  175  10:08  Overlord  
  175  10:10  Overseer  
  175  10:23  Overlord x2  
  175  10:24  Roach x3  
  181  10:30  Drone x5  
  181  10:31  Overlord x2  
  181  10:33  Pathogen Glands  
  164  10:53  Roach  
  164  10:54  Roach x4  
  164  10:56  Drone x3  
  164  10:57  Drone x6  
  139  11:16  Corruptor x4  
  140  11:30  Spine Crawler  
  140  11:31  Spine Crawler  
  138  11:33  Spine Crawler  
  138  11:38  Roach x2  
  138  11:39  Roach x5  
  142  11:48  Drone  
  142  11:49  Drone x8  
  142  11:50  Drone  
  152  11:54  Drone x2  
  152  11:55  Drone  
  150  12:08  Ravager x7  
  151  12:09  Ravager x7  
  151  12:15  Spore Crawler  
  163  12:33  Extractor  
  163  12:34  Extractor  
  161  12:39  Hatchery  
  161  12:40  Spore Crawler  
  161  12:41  Zerg Ground Armor Level 3, Zerg Melee Weapons Level 1  
  161  12:42  Spine Crawler x2  
  157  13:01  Ultralisk Cavern  
  157  13:03  Roach x4  
  157  13:04  Zergling x2  
  157  13:05  Zergling x14  
  172  13:18  Roach  
  172  13:19  Roach x6  
  185  13:32  Overlord  
  185  13:37  Extractor  
  184  13:46  Adrenal Glands  
  184  13:48  Chitinous Plating  
  184  13:50  Ultralisk, Overlord  
  184  13:51  Overlord  
  190  14:06  Ultralisk  
  190  14:09  Spine Crawler  
  195  14:11  Spine Crawler  
  195  14:16  Extractor  
  172  14:37  Ultralisk x2  
  162  14:41  Corruptor x2  
  159  14:55  Zergling x2  
  159  14:56  Zergling x18  
  159  14:59  Overseer x2  
  169  15:00  Hatchery  
  168  15:15  Ultralisk  
  174  15:23  Zerg Melee Weapons Level 2  
  160  15:43  Ultralisk  
  164  15:57  Ultralisk  
  170  15:58  Zergling x16  
  178  16:10  Drone x3  
  181  16:14  Ultralisk  
  181  16:15  Zergling x6  
  190  16:26  Drone x2  
  190  16:27  Drone x3  
  195  16:45  Drone  
  196  16:52  Corruptor  
Show
View Real Time Build Order
Export as new Build Order

MorN Terran 

Build Orders: Reaper Expand, MMM Bio 

Get SALT Encoding   

  12  0:01  SCV  
  13  0:13  SCV  
  14  0:17  Supply Depot  
  14  0:25  SCV  
  15  0:38  SCV  
  15  0:40  Barracks  
  16  0:46  Refinery  
  16  0:51  SCV  
  17  1:03  SCV  
  18  1:15  SCV  
  19  1:29  Orbital Command  
  19  1:30  Reaper  
  20  1:40  Command Center  
  20  1:50  Supply Depot  
  20  1:55  SCV  
  21  2:02  Reaper  
  21  2:07  SCV  
  23  2:20  SCV  
  24  2:27  Factory  
  24  2:46  Command Center  
  24  2:50  Barracks Reactor  
  23  2:52  SCV  
  23  2:53  Orbital Command  
  23  2:54  Refinery  
  24  3:04  SCV  
  24  3:16  SCV  
  25  3:23  Starport  
  25  3:26  SCV  
  26  3:29  SCV  
  27  3:39  SCV, Barracks Reactor  
  27  3:41  SCV  
  29  3:43  Hellion  
  29  3:44  Hellion  
  33  3:51  SCV  
  33  3:53  SCV  
  35  4:03  SCV  
  35  4:05  SCV, Hellion x2, Liberator  
  40  4:10  Liberator, Orbital Command  
  40  4:15  SCV  
  41  4:18  SCV  
  45  4:27  SCV  
  45  4:29  Hellion x2  
  45  4:31  SCV  
  54  4:38  Supply Depot  
  54  4:39  SCV x2  
  54  4:40  Supply Depot  
  54  4:42  Barracks Tech Lab  
  54  4:43  SCV  
  57  4:51  SCV  
  58  4:58  Barracks  
  59  5:00  SCV  
  59  5:01  Refinery  
  59  5:02  Refinery, Barracks  
  59  5:06  Factory Reactor  
  59  5:20  Marine  
  60  5:21  Stimpack  
  60  5:25  SCV x2  
  64  5:30  Engineering Bay  
  64  5:32  Engineering Bay  
  64  5:33  SCV  
  63  5:37  SCV, Bunker  
  63  5:42  Barracks x2  
  59  5:53  Marauder  
  59  6:00  Marine x2  
  59  6:03  Marine x2  
  55  6:14  Marine  
  55  6:18  Marine x2  
  57  6:21  Marine x2  
  57  6:22  Orbital Command  
  57  6:23  SCV  
  61  6:29  Terran Infantry Weapons Level 1, Terran Infantry Armor Level 1  
  61  6:30  Supply Depot  
  61  6:31  Barracks Reactor x2  
  61  6:32  Marine  
  62  6:33  Supply Depot  
  62  6:35  Factory Reactor  
  62  6:36  Marine x2  
  62  6:37  Medivac x2  
  62  6:39  Marine  
  69  6:44  SCV x2, Barracks  
  69  6:45  Barracks x2  
  71  6:52  Marine x2  
  73  7:00  Marine x2  
  75  7:03  Marine  
  75  7:04  Armory  
  75  7:08  Medivac x2  
  80  7:09  SCV x2, Marine  
  80  7:10  SCV  
  80  7:14  Supply Depot  
  84  7:16  Marine x4  
  84  7:17  Marine  
  84  7:20  Marine x2  
  84  7:21  SCV  
  84  7:22  SCV, Combat Shields  
  93  7:23  Refinery  
  93  7:24  Refinery  
  93  7:35  Barracks Reactor, Barracks Tech Lab x2, Marine, SCV  
  93  7:36  Marine x6  
  101  7:42  Supply Depot x2, Starport  
  101  7:44  Marine, Widow Mine x2  
  101  7:45  SCV, Supply Depot  
  101  7:47  Supply Depot  
  101  7:49  SCV  
  101  7:50  SCV  
  109  7:54  Supply Depot  
  109  7:58  Concussive Shells  
  109  8:03  SCV x2, Marine x4  
  109  8:04  SCV, Marauder x3  
  122  8:08  Supply Depot  
  104  8:42  Marauder, Marine x3  
  104  8:43  Marine x3, Marauder x2  
  105  8:49  Liberator x2  
  103  8:57  Orbital Command  
  96  9:03  Marine x3  
  96  9:04  Marauder x2  
  96  9:05  Marauder  
  96  9:09  Marine  
  109  9:10  Marine  
  111  9:20  Widow Mine, Marine x4  
  111  9:21  Widow Mine  
  111  9:23  Starport Reactor  
  115  9:25  Marauder x2  
  115  9:26  Marauder  
  115  9:31  Marine x3  
  122  9:32  Terran Infantry Weapons Level 2, Liberator  
  122  9:33  Terran Infantry Armor Level 2  
  122  9:34  Terran Vehicle Weapons Level 1  
  122  9:39  Marine x3  
  122  9:43  SCV x2  
  127  9:47  Liberator, Marauder x3  
  127  9:49  Widow Mine  
  138  9:55  Marine x3  
  138  9:58  Supply Depot  
  141  10:04  SCV x3  
  141  10:05  Supply Depot  
  147  10:08  Marauder  
  149  10:19  SCV, Marauder x2, Marine x3  
  157  10:26  Marine, Widow Mine x2  
  162  10:29  Marauder  
  162  10:30  Marine  
  162  10:33  Supply Depot  
  162  10:35  Supply Depot  
  165  10:36  Marine x2  
  165  10:41  Marauder x2  
  142  11:00  Marine  
  142  11:01  Marauder, Marine x2  
  142  11:02  Marauder, Marine  
  142  11:03  Marine x2  
  132  11:04  Marauder  
  132  11:07  Orbital Command  
  107  11:19  Marine x3  
  107  11:23  Marauder  
  107  11:24  Marauder  
  106  11:25  Marauder  
  106  11:26  Marine x3  
  109  11:32  Marine  
  109  11:33  Marine  
  109  11:39  Marine x2  
  113  11:43  Command Center  
  113  11:44  Marauder  
  113  11:45  Marine x2, Marauder  
  113  11:46  Marine  
  122  11:47  Marauder  
  122  11:48  SCV x3  
  122  11:56  Marine x3  
  123  12:05  Marine x2  
  123  12:06  Marauder x2  
  127  12:08  Marauder  
  127  12:15  Marine x2  
  128  12:17  Liberator  
  128  12:20  Liberator  
  128  12:21  Marine  
  128  12:22  Marine  
  131  12:27  Marauder  
  131  12:28  Marauder  
  136  12:30  Marauder  
  136  12:32  Medivac  
  136  12:33  Medivac  
  143  12:40  Marine x2  
  148  12:48  Marauder  
  148  12:49  Marauder  
  148  12:51  Marauder  
  154  12:58  Planetary Fortress  
  154  13:10  Marauder  
  154  13:11  Marauder  
  158  13:15  Marine  
  158  13:16  Medivac x2, Marine x3  
  158  13:17  Marauder  
  158  13:19  Refinery  
  168  13:21  Refinery, Marine x3  
  171  13:30  Marine x2  
  171  13:31  Marauder  
  171  13:32  Marauder  
  171  13:33  Marine x2  
  171  13:34  Marine  
  170  13:38  Marauder  
  172  13:47  Marine x2  
  174  13:48  Orbital Command  
  174  13:49  Marine x2  
  174  13:50  Marine  
  174  13:52  Marauder  
  174  13:53  Marauder  
  181  14:00  Marauder  
  183  14:11  Missile Turret  
  183  14:14  Missile Turret  
  158  14:32  Marine x3  
  158  14:33  Marauder x3, Marine  
  132  14:42  Marine x2  
  132  14:43  Medivac x2  
  104  14:54  Marine, Marauder x3  
  104  14:55  Marine  
  104  14:57  Medivac  
  114  15:02  Marine x2  
  116  15:12  Marine x2  
  116  15:14  Marine  
  118  15:15  Marauder x2  
  118  15:16  Marauder  
  118  15:17  Widow Mine  
  118  15:18  Widow Mine  
  129  15:25  Marine x2  
  129  15:27  Marine x2  
  127  15:37  Marauder x3  
  115  15:47  Marine x2  
  115  15:48  Marine  
  98  15:50  Marine x2  
  100  15:58  Marauder x3  
  106  16:12  Marine x4  
  106  16:13  Marine x6  
  106  16:14  Widow Mine x2  
  120  16:19  Marauder  
  120  16:20  Marauder x2  
  120  16:23  Refinery  
  120  16:24  Refinery  
  126  16:30  Marine x2  
  126  16:31  Orbital Command  
  128  16:36  Medivac  
  130  16:41  Refinery  
  130  16:42  Refinery  
  130  16:48  Widow Mine x2  
  134  17:03  Marauder x3  
  129  17:21  Marine  
  126  17:23  Marine x2  
  126  17:24  Marauder x2  
  126  17:37  Marine  
  126  17:38  Marine  
Tags
 
Add a new tag
Caveats
  • Supply blocks, unpowered buildings, or Contaminate may cause inaccurate times.
  • Supply counts are checked every 10 seconds.